cohdb
Replays
Latest Replays
All Replays
Popular Replays
Top Player Replays
Match Explorer
How It Works
Community
CoH3 Stats
Reddit
Sign in to upload your games and track your stats! →
Sign in with Steam
Match 35143613
Unlisted
Match 35143613
Overview
Messages
Build Orders
End
Royal Engineer Section
Construct Section Command Post
Vickers Machine Gun Team
Infantry Section
Infantry Section
Construct Field Infirmary
Selects Light Vehicle Withdraw and Refit
Dingo Light Scout Car
Vickers Machine Gun Team
Infantry Section
Selects Radio Net
Grenade Package
Vickers Machine Gun Team
Construct Platoon Command Post
Selects Engineer Detachments
6-pounder Anti-tank Gun Team
Unlock M3 Stuart Light Tanks
M3 Stuart Light Tank
6-pounder Anti-tank Gun Team
Infantry Section
CMP 15cwt Truck
Vickers Machine Gun Team
Vickers Machine Gun Team
Selects Heavy Armor Battlegroup
Selects Indian Artillery Battlegroup
CPU - Expert
CPU - Expert
CPU - Expert
CPU - Expert
s73r01d
PepeChad
Goobermaster
游影
0
0
Comments
sign in to comment!
No comments posted yet!